 Dungeon Crawl Stone Soup version 0.29.1-4-g47bece8355 (webtiles) character file.

Game seed: 4525944866846904354

20 sanboga the Caller (level 2, -2/20 HPs)
             Began as a Draconian Summoner on Dec 8, 2022.
             Slain by Natasha (4 damage)
             ... on level 1 of the Dungeon on Dec 9, 2022.
             The game lasted 00:04:11 (1131 turns).

sanboga the Caller (Draconian Summoner)             Turns: 1131, Time: 00:04:12

Health: -2/20      AC:  4    Str: 10    XL:     2   Next: 58%
Magic:  2/5        EV: 12    Int: 15    God:
Gold:   40         SH:  0    Dex: 11    Spells: 4/5 levels left

rFire   . . .      SeeInvis .   (no weapon)
rCold   . . .      Faith    .   (no shield)
rNeg    . . .      Spirit   .   (body armour unavailable)
rPois   .          Reflect  .   (helmet restricted)
rElec   .          Harm     .   b - scarf {repulsion}
rCorr   .          Rampage  .   (no gloves)
Will    .....                   (no boots)
Stlth   ++........              (no amulet)
HPRegen 0.06/turn               (no ring)
MPRegen 0.09/turn               (no ring)

@: repel missiles
A: AC +4, unfitting armour, cold-blooded
a: no special abilities


You were on level 1 of the Dungeon.
You visited 1 branch of the dungeon, and saw 2 of its levels.

You collected 40 gold pieces.

Inventory:

Armour
 b - a scarf of repulsion (worn)
Scrolls
 c - a scroll of immolation {unknown}
 d - a scroll of teleportation {unknown}
 e - 2 scrolls of blinking {unknown}
Potions
 a - a potion of magic


   Skills:
 + Level 2.1 Dodging
 - Level 1.7 Stealth
 + Level 2.2 Spellcasting
 * Level 4.4 Summonings


You had 4 spell levels left.
You knew the following spells:

 Your Spells              Type           Power      Damage    Failure   Level
a - Summon Small Mammal   Summ           60%        N/A       3%          1

Your spell library contained the following spells:

 Spells                   Type           Power      Damage    Failure   Level
 Call Imp                 Summ           15%        N/A       5%          2
 Call Canine Familiar     Summ           15%        N/A       11%         3
 Summon Guardian Golem    Hex/Summ       8%         N/A       26%         3
 Summon Lightning Spire   Summ/Air       8%         N/A       65%         4


Dungeon Overview and Level Annotations

Branches:
Dungeon (2/15)

Altars:

Shops:
D:1 !(:=

Annotations:
D:1 Natasha


Innate Abilities, Weirdness & Mutations

Your plain brown scales are hard. (AC +4)
You cannot fit into any form of body armour.
You are cold-blooded and may be slowed by cold attacks.


Message History

Your quokka bites Natasha.
You hit Natasha but do no damage. You tail-slap Natasha.
Natasha is moderately wounded.
The giant cockroach bites you.
Your quokka barely misses Natasha.
Natasha claws you but does no damage.
Your bat closely misses Natasha.
The giant cockroach closely misses you.
You hit Natasha but do no damage. You tail-slap Natasha.
Natasha is heavily wounded.
Your bat closely misses Natasha.
Your quokka bites Natasha.
Your bat barely misses Natasha.
Natasha mumbles some strange words.
The iron imp hits your bat!
Your bat dies!
Your bat's corpse disappears in a puff of smoke!
The giant cockroach misses you.
Your quokka completely misses Natasha.
You closely miss Natasha.
Your tail-slap misses Natasha.
Natasha is heavily wounded.
Natasha claws you. The giant cockroach barely misses you.
Your quokka barely misses Natasha.
The crimson imp barely misses you. Natasha claws you!
The giant cockroach bites you but does no damage.
Your quokka bites Natasha.
The crimson imp completely misses you.
You climb upwards.
The iron imp disappears in a puff of smoke!
The crimson imp disappears in a puff of smoke!
There is a stone staircase leading down here.
Casting: Summon Small Mammal (safe; 3% risk of failure)
Confirm with . or Enter, or press ? or * to list all spells.
You don't know that spell.
Casting: Summon Small Mammal (safe; 3% risk of failure)
Confirm with . or Enter, or press ? or * to list all spells.
The giant cockroach barely misses you. Natasha barely misses you.
Casting: Summon Small Mammal (safe; 3% risk of failure)
Confirm with . or Enter, or press ? or * to list all spells.
The giant cockroach bites you but does no damage.
Natasha claws you!
* * * LOW HITPOINT WARNING * * *
Your quokka misses Natasha. The giant cockroach barely misses you.
Natasha attacks as you move away! Natasha claws you.
You die...

.##.......#.#.[....####....#.....
.####...#.#.#......+..#....#.....
## ##...#...#......##.#..........
#.......##.......#.#....##.###
###.......##.####....###.....#..
##............................#.#
#...#####[....####.####.#.......#
#...# #.......B#....#.....#....
....# #####.##@####.#####.#.###
#...# #.#.rh....# #...#.... #####
#.#r.########.##..... #
#.#.)#.........#.#### #
##....#.###.....#.....
#....##.#.....#.#.....
#.......#.....#.#.....
##....####.....#.#..... ####
#..^....##.......######


You could see Natasha (ally target), a giant cockroach and 2 friendly quokkas.

Vanquished Creatures
  An endoplasm (D:1)
  2 giant cockroaches (D:1)
  A goblin (D:1)
  A hobgoblin (D:1)
  A ball python (D:1)
  2 bats (D:1)
  A frilled lizard (D:1)
9 creatures vanquished.

Vanquished Creatures (collateral kills)
  A bat (D:1)
  3 endoplasms (D:1)
  A giant cockroach (D:1)
  A goblin (D:1)
  2 ball pythons (D:1)
  A frilled lizard (D:1)
9 creatures vanquished.

Grand Total: 18 creatures vanquished

Notes
Turn   | Place    | Note
-------+----------+-------------------------------------------
     0 | D:1      | sanboga the Draconian Summoner began the quest for the Orb.
     0 | D:1      | Reached XP level 1. HP: 14/14 MP: 3/3
    45 | D:1      | Found Ylucw's Jewellery Boutique.
   287 | D:1      | Found Fuox's Weapon Shop.
   311 | D:1      | Reached XP level 2. HP: 17/20 MP: 1/5
   377 | D:1      | Found Acyumueh's Distillery.
   866 | D:1      | Found Bolic's Book Emporium.
  1119 | D:2      | Noticed Natasha
  1126 | D:2      | Noticed a crimson imp
  1131 | D:1      | Slain by Natasha

Illustrated notes

Levels and vault maps discovered:
D:1:      dpeg_arrival_court, layout_basic, serial_shops,
          nicolae_shop_bloodbath_and_beyond, shop_fountains, shop_fountains,
          nicolae_lakefront_shop
D:2:      layout_rooms, uniq_sigmund, uniq_natasha, uniq_robin

Skill      XL: |  1 |
---------------+----+-----
Dodging        | 2 |  2.1
Stealth        | |  1.7
Spellcasting   | |  2.2
Summonings     | |  4.4

Action                   || total
-------------------------++-------
Melee: Unarmed           ||    55
       Tailslap          ||     9
 Cast: Summon Small Mamm ||    25
 Stab: Distracted        ||     1
       Sleeping          ||     2
Armor: Skin              ||    26
Dodge: Dodged            ||    49
